 Dungeon Crawl Stone Soup version 0.14-a0-1739-g6c2808e (webtiles) character file.

369 Mitsuki the Gusty (level 5, -7/31 HPs)
             Began as a High Elf Air Elementalist on Jan 3, 2014.
             Mangled by an ogre
             ... wielding a +0,+0 giant spiked club
              (20 damage)
             ... on Level 3 of the Dungeon.
             The game lasted 00:20:40 (4101 turns).

Mitsuki the Gusty (High Elf Air Elementalist)       Turns: 4101, Time: 00:20:41

HP  -7/31        AC  2     Str  8      XL: 5   Next: 36%
MP  13/16        EV 13     Int 19      God:
Gold 185         SH  0     Dex 15      Spells:  3 memorised,  6 levels left

rFire  . . .     SeeInvis +     (no weapon)
rCold  . . .     Clarity  .     a - +0 elf robe
rNeg   . . .     Conserve .     (no shield)
rPois  .         rCorr    .     (no helmet)
rElec  .         rRot     .     (no cloak)
SustAb . .       Spirit   .     (no gloves)
rMut   .         Warding  .     (no boots)
Saprov . . .     Stasis   .     (no amulet)
                                f - ring of protection from magic
                                c - ring of see invisible

@: quite resistant to hostile enchantments, fairly stealthy
A: hooves 1
a: no special abilities


You were on level 3 of the Dungeon.
You were hungry.

You visited 1 branch of the dungeon, and saw 4 of its levels.

You collected 185 gold pieces.

Inventory:

Armour
 a - a +0 elven robe (worn)
Magical devices
 i - a wand of digging (13)
Scrolls
 d - 2 scrolls of identify
 g - a scroll of curse weapon {unknown}
 j - a scroll of fear {unknown}
 k - 2 scrolls of teleportation {unknown}
 l - a scroll of enchant armour {unknown}
 n - a scroll of fog {unknown}
 p - a scroll of enchant weapon II {unknown}
 q - a scroll of recharging {unknown}
 r - a scroll of curse armour {unknown}
Jewellery
 c - a ring of see invisible (left hand)
 e - an uncursed amulet of stasis
 f - a ring of protection from magic (right hand)
Potions
 h - 2 potions of brilliance
 o - a potion of lignification
Books
 b - a book of Air

   Spells                             Type                      Level
   *Shock                             Conjuration/Air              1
   Swiftness                          Charms/Air                   2
   *Repel Missiles                    Charms/Air                   2
   *Flight                            Charms/Air                   3
   Static Discharge                   Conjuration/Air              3
   Lightning Bolt                     Conjuration/Air              5
Magical staves
 m - an uncursed staff of earth


   Skills:
 + Level 2.6 Dodging
 + Level 2.4 Stealth
 - Level 4.0 Spellcasting
 - Level 2.2 Conjurations
 * Level 5.5 Air Magic


You had 6 spell levels left.
You knew the following spells:

 Your Spells              Type           Power        Failure   Level  Hunger
a - Shock                 Conj/Air       ###.         3%          1    None
b - Flight                Chrm/Air       ##........   14%         3    ###....
c - Repel Missiles        Chrm/Air       ##........   10%         2    #......


Dungeon Overview and Level Annotations

Branches:
Dungeon (4/16)
 Temple: D:4-7

Altars:


Innate Abilities, Weirdness & Mutations

You have large cloven feet.


Message History

Casting: Shock
Confirm with . or Enter, or press ? or * to list all spells.
Aiming: Shock
Press: ? - help, Shift-Dir - straight line, f/p - ogre
Aim: an ogre, wielding a giant spiked club (heavily wounded)
The zap hits the ogre.
The ogre is heavily wounded.
The zap hits the ogre.
The ogre is severely wounded.
The ogre closely misses you.
Casting: Shock
Confirm with . or Enter, or press ? or * to list all spells.
Aiming: Shock
Press: ? - help, Shift-Dir - straight line, f/p - ogre
Aim: an ogre, wielding a giant spiked club (severely wounded)
The zap misses the ogre.
The zap hits the ogre.
The ogre is severely wounded.
The ogre hits you with a giant spiked club!
Ouch! That really hurt!
You die...

####'#### #.## #....# #..# #..#
###.## ##'### ##.### #... #....#
#...# ######## #....# #####'###
#....... #....#
#.......####.......
#....#########.......#..........
#....'.......'.......'.##.......
##....#########O@.....####.......
.'....# ###'##### #...%...
##....# ##...# #####.## #...)#
#..### #.# ##.### #%## ##.#
##..#### ###'##### #..#
..)....#####(......# ######'###
.......##..'.......# ###..>.....#
.......##.##.....>.###.'........#


You could see an ogre.

Vanquished Creatures
  An orc priest (D:3)
  A worker ant (D:4)
  6 adders
  A worm (D:3)
  A giant gecko (D:2)
  2 oozes (D:2)
  6 orcs (D:3)
  A ball python (D:1)
  2 giant cockroaches (D:3)
  3 hobgoblins
  5 jackals
  A quokka (D:3)
  9 bats
  2 giant newts
  10 goblins
  5 kobolds
  9 rats
  2 plants
67 creatures vanquished.

Vanquished Creatures (others)
  5 toadstools (D:1)
5 creatures vanquished.

Grand Total: 72 creatures vanquished

Notes
Turn   | Place    | Note
--------------------------------------------------------------
     0 | D:1      | Mitsuki, the High Elf Air Elementalist, began the quest for the Orb.
     0 | D:1      | Reached XP level 1. HP: 11/11 MP: 4/4
    77 | D:1      | Gained mutation: You have large cloven feet. [potion of beneficial mutation]
   362 | D:1      | Reached skill level 4 in Air Magic
   375 | D:1      | Reached XP level 2. HP: 12/17 MP: 0/6
  1300 | D:2      | Reached XP level 3. HP: 21/21 MP: 0/10
  1381 | D:2      | Learned a level 3 spell: Flight
  2561 | D:3      | Reached XP level 4. HP: 27/27 MP: 7/13
  3193 | D:3      | Reached skill level 5 in Air Magic
  3193 | D:3      | Reached XP level 5. HP: 29/31 MP: 9/16
  3244 | D:3      | Learned a level 2 spell: Repel Missiles
  3993 | D:4      | Noticed an ogre
  4101 | D:3      | Mangled by an ogre

Action                   |  1- 3 |  4- 6 || total
-------------------------+-------+-------++-------
Melee: Unarmed           |   158 |   110 ||   268
 Cast: Shock             |   101 |    76 ||   177
Evoke: Wand              |     1 |       ||     1
  Use: Potion            |     4 |     2 ||     6
       Scroll            |     1 |     2 ||     3
